 Dungeon Crawl Stone Soup version 0.26.0-45-g9c1d065592 (webtiles) character file.

Game seed: 4867173883384424075

(classic levelgen) 289 thiole the Sneak (level 6, 0/39 HPs)
             Began as an Octopode Hedge Wizard on Jan 29, 2021.
             Was an Initiate of Gozag.
             Slain by a lemure (9 damage)
             ... led by Pikel
             ... on level 3 of the Dungeon.
             The game lasted 00:08:43 (4966 turns).

thiole the Sneak (Octopode Hedge Wizard)            Turns: 4966, Time: 00:08:43

Health: 0/39       AC:  8    Str:  9    XL:     6   Next: 31%
Magic:  10/10      EV: 13    Int: 18    God:    Gozag
Gold:   177        SH:  0    Dex: 12    Spells: 3/11 levels left

rFire    . . .     SeeInvis .   r - +1 dagger (protect)
rCold    . . .     Faith    .   (no shield)
rNeg     . . .     Spirit   .   b - +0 hat
rPois    .         Reflect  .   (no amulet)
rElec    .         Harm     .   (no ring)
rCorr    .         Rampage  .   (no ring)
Will     .....                  (no ring)
Stlth    ++++......             (no ring)
HPRegen  0.13/turn              (no ring)
MPRegen  0.12/turn              (no ring)
                                (no ring)
                                (no ring)

@: protection aura
A: almost no armour, stealthy swim, amphibious, 8 rings, constrict 8, camouflage
1, gelatinous body 1
a: Renounce Religion, Potion Petition, Call Merchant, Bribe Branch


You were on level 3 of the Dungeon.
You worshipped Gozag.
Gozag was aware of your devotion.
You visited 2 branches of the dungeon, and saw 5 of its levels.

You collected 270 gold pieces.
You paid 93 gold pieces to Gozag.

Inventory:

Hand Weapons
 a - a +0 dagger
 i - a +0 dagger of electrocution
 r - a +1 dagger of protection (weapon)
Missiles
 j - 153 stones
Armour
 b - a +0 hat (worn)
Jewellery
 v - an uncursed ring of willpower {unknown}
Scrolls
 c - 2 scrolls of identify {unknown}
 e - 3 scrolls of teleportation {unknown}
 f - 4 scrolls of enchant armour {unknown}
 g - 2 scrolls of amnesia {unknown}
 h - 3 scrolls of fear {unknown}
 k - 2 scrolls of remove curse {unknown}
 s - 2 scrolls of enchant weapon {unknown}
 t - 2 scrolls of immolation {unknown}
 u - a scroll of noise {unknown}
Potions
 d - a potion of curing
 m - a potion of brilliance {unknown}
 n - a potion of haste {unknown}
 o - a potion of might {unknown}
 p - 2 potions of attraction {unknown}
 q - a potion of degeneration {unknown}


   Skills:
 - Level 2.0 Fighting
 + Level 0.0 Short Blades
 - Level 2.0 Dodging
 - Level 5.0 Stealth
 - Level 3.0 Spellcasting
 - Level 3.0 Conjurations
 - Level 3.0 Summonings
 - Level 1.0 Translocations
 + Level 2.2 Air Magic


You had 3 spell levels left.
You knew the following spells:

 Your Spells              Type           Power        Failure   Level
a - Magic Dart            Conj           52%          4%          1
b - Call Imp              Summ           13%          7%          2
c - Blink                 Tloc           N/A          16%         2
d - Mephitic Cloud        Conj/Pois/Air  8%           24%         3

Your spell library contained the following spells:

 Spells                   Type           Power        Failure   Level
 Slow                     Hex            2%           24%         2
 Conjure Flame            Conj/Fire      8%           26%         3


Dungeon Overview and Level Annotations

Branches:
Dungeon (4/15)             Temple (1/1) D:4

Altars:
Cheibriados
Elyvilon
Gozag
Hepliaklqana
Nemelex Xobeh
Okawaru
Qazlal
Ru
Trog
Uskayaw
Xom
Zin
The Shining One

Annotations:
D:4 exclusion: phantom, Pikel


Innate Abilities, Weirdness & Mutations

You cannot wear most types of armour.
You are very stealthy in the water. (Stealth+)
You are amphibious.
You can wear up to eight rings at the same time.
You can use your tentacles to constrict eight enemies at once.
Your skin changes colour to match your surroundings (Stealth+).
Your rubbery body absorbs attacks. (AC +1, EV +1)


Message History

The lemure is moderately wounded.
The lemure barely misses you. The lemure hits you but does no damage.
You barely miss the lemure. You grab the lemure.
The lemure is moderately wounded.
You constrict the lemure. The lemure closely misses you.
The lemure hits you but does no damage.
You hit the lemure but do no damage. You squeeze the lemure!
The lemure is severely wounded.
You constrict the lemure, but do no damage.
The lemure closely misses you. The lemure hits you but does no damage.
You barely miss the lemure. Your grab misses the lemure.
The lemure is moderately wounded.
You constrict the lemure. The lemure hits you.
* * * LOW HITPOINT WARNING * * *
The lemure misses you.
You hit the lemure. Your grab misses the lemure.
The lemure is moderately wounded.
You constrict the lemure. The lemure hits you!
You die...
Your body crumbles into a pile of gold.

##### #...#
###########.#.####
.#.#.#.#.#.#...5@#
#.#.#.#.#.#.####5#
.#.#.#.#.#.## #.#
#.#.#.#.#.#.# #.# ###
.#.#.#)#.#.## #.#
#########<#
#.#.#.#.#.#.# #.#
#.......#.#
.#.#.#.#.#.## #.#
#.#####.#.#
#.#.#.#.#.#.####.####.#
#...#
.#.#.#.#.#.##.........#
#####


You could see 2 lemures.

Vanquished Creatures
  An orc priest (D:3)
  Terence (D:2)
  Jessica (D:2)
  A worker ant (D:4)
  A hound skeleton (D:4)
  A gnoll (D:1)
  3 adders
  2 oozes
  3 worms
  6 leopard geckos
  13 orcs
  3 giant cockroaches
  8 goblins
  7 hobgoblins
  4 jackals (D:1)
  10 kobolds
  2 quokkas (D:3)
  10 bats
  5 frilled lizards
  An orc zombie (D:4)
  6 rats
89 creatures vanquished.

Vanquished Creatures (collateral kills)
  A worker ant (D:3)
  2 orcs (D:3)
3 creatures vanquished.

Vanquished Creatures (others)
  2 goblins (D:2)
  A bat (D:2)
3 creatures vanquished.

Grand Total: 95 creatures vanquished

Notes
Turn   | Place    | Note
-------+----------+-------------------------------------------
     0 | D:1      | thiole the Octopode Hedge Wizard began the quest for the
                  | Orb.
     0 | D:1      | Reached XP level 1. HP: 11/11 MP: 4/4
   305 | D:1      | Reached XP level 2. HP: 17/17 MP: 1/6
   661 | D:1      | Reached XP level 3. HP: 21/21 MP: 4/7
  1234 | D:1      | Reached skill level 1 in Fighting
  1956 | D:2      | Noticed Jessica
  1960 | D:2      | Killed Jessica
  1961 | D:2      | Reached skill level 3 in Stealth
  1961 | D:2      | Reached XP level 4. HP: 29/29 MP: 8/8
  1979 | D:2      | Found a hide-covered altar of Uskayaw.
  2225 | D:2      | Reached skill level 4 in Stealth
  2694 | D:2      | Noticed Terence
  2701 | D:2      | Killed Terence
  2702 | D:2      | Reached skill level 5 in Stealth
  2702 | D:2      | Reached XP level 5. HP: 26/34 MP: 9/9
  2705 | D:2      | Learned a level 2 spell: Call Imp
  2708 | D:2      | Learned a level 2 spell: Blink
  2712 | D:2      | Learned a level 3 spell: Mephitic Cloud
  2782 | D:2      | Found a white marble altar of Elyvilon.
  3848 | D:3      | Found a snail-covered altar of Cheibriados.
  3849 | D:3      | Found a sparkling altar of Nemelex Xobeh.
  3953 | D:3      | Reached XP level 6. HP: 28/39 MP: 10/10
  4105 | D:3      | Reached skill level 1 in Air Magic
  4692 | D:4      | Found a staircase to the Ecumenical Temple.
  4725 | D:4      | Noticed a phantom
  4751 | Temple   | Entered the Ecumenical Temple
  4787 | Temple   | Became a worshipper of Gozag Ym Sagoz the Greedy
  4915 | D:4      | Found a glowing golden altar of the Shining One.
  4915 | D:4      | Noticed Pikel
  4966 | D:3      | Slain by a lemure

Illustrated notes

Levels and vault maps discovered:
D:1:      roderic_chinese_lattice_arrival, layout_basic
D:2:      layout_basic, nicolae_overflow_crystal_walls, elyvilon_altar_4,
          uniq_terence, uniq_jessica
D:3:      layout_basic, gammafunk_temple_overflow_pools, minmay_unequal
D:4:      layout_loops_cross, nicolae_tso_besieged_by_evil,
          yredelemnul_altar_generic, minmay_temple_entry_stoned_glass,
          uniq_pikel
Temple:   jpeg_temple_island

Skill      XL: |  1  2  3  4  5  6 |
---------------+-------------------+-----
Conjurations   | 2 3 |  3.0
Fighting       | 2 |  2.0
Stealth        | 3 5 |  5.0
Summonings     | 3 |  3.0
Air Magic      | 2 |  2.2
Dodging        | |  2.0
Spellcasting   | |  3.0
Translocations | |  1.0

Action                   |  1- 3 |  4- 6 || total
-------------------------+-------+-------++-------
Melee: Dagger            |    36 |   141 ||   177
       Constrict         |     9 |    29 ||    38
       Tentacles         |     4 |    22 ||    26
 Cast: Magic Dart        |    64 |    77 ||   141
       Call Imp          |       |     3 ||     3
       Mephitic Cloud    |       |     1 ||     1
  Use: Potion            |       |     5 ||     5
 Stab: Sleeping          |     1 |     6 ||     7
Armor: Skin              |     5 |    22 ||    27
Dodge: Dodged            |    31 |    93 ||   124
